 Dungeon Crawl Stone Soup version 0.28.0-45-g0d030f2227 (webtiles) character file.

Game seed: 16207224401366703268

945 seaoflcl the Chopper (level 8, 0/55 (61) HPs)
             Began as a Human Fighter on Apr 11, 2022.
             Was an Initiate of Gozag.
             Slain by a wight
             ... wielding a +3 scimitar
              (2 damage)
             ... on level 7 of the Dungeon.
             The game lasted 00:08:03 (5633 turns).

seaoflcl the Chopper (Human Fighter)                Turns: 5633, Time: 00:08:04

HP:   0/55 (61)     AC: 13    Str: 19    XL:     8   Next: 35%
MP:   8/8           EV:  5    Int:  8    God:    Gozag
Gold: 580           SH:  6    Dex: 19    Spells: 7/7 levels left

rFire   . . .      SeeInvis +   a - +2 hand axe (venom)
rCold   . . .      Faith    .   c - +0 buckler
rNeg    . . .      Spirit   .   q - +0 plate armour
rPois   .          Reflect  .   (no helmet)
rElec   .          Harm     .   w - +0 cloak
rCorr   .          Rampage  .   (no gloves)
Will    .....                   (no boots)
Stlth   ..........              (no amulet)
HPRegen 0.18/turn               d - +6 ring of dexterity
MPRegen 0.11/turn               h - ring of see invisible

@: drained
A: no striking features
a: Renounce Religion, Potion Petition, Call Merchant, Bribe Branch


You were on level 7 of the Dungeon.
You worshipped Gozag.
Gozag was pleased with you.
You visited 1 branch of the dungeon, and saw 7 of its levels.

You collected 598 gold pieces.
You paid 18 gold pieces to Gozag.

Inventory:

Hand Weapons
 a - a +2 hand axe of venom (weapon)
 b - a +0 hunting sling
 e - a +1 spear of venom
 f - a +0 long sword
Missiles
 i - 76 sling bullets
Armour
 c - a +0 buckler (worn)
 q - a +0 plate armour (worn)
 w - a +0 cloak (worn)
Jewellery
 d - a +6 ring of dexterity (left hand)
 h - a ring of see invisible (right hand)
Wands
 p - a wand of polymorph (17)
Scrolls
 g - a scroll of enchant armour {unknown}
 k - 4 scrolls of teleportation
 n - a scroll of vulnerability {unknown}
 o - 4 scrolls of immolation {unknown}
 r - a scroll of fog {unknown}
 t - a scroll of summoning {unknown}
 x - a scroll of noise {unknown}
Potions
 j - a potion of cancellation
 l - a potion of magic
 m - 4 potions of curing
 s - a potion of degeneration {unknown}
 u - a potion of heal wounds
 v - a potion of might
 z - a potion of mutation {unknown}


   Skills:
 + Level 4.5 Fighting
 + Level 2.0 Long Blades
 + Level 5.9(6.0) Axes
 + Level 1.0(3.8) Polearms
 + Level 1.6 Slings
 + Level 5.0 Armour
 + Level 0.7 Dodging
 + Level 4.1 Shields


You had 7 spell levels left.
You didn't know any spells.
Your spell library was empty.

Dungeon Overview and Level Annotations

Branches:
Dungeon (7/15)             Temple (0/1) D:4

Altars:
Gozag

Shops:
D:2 *   D:4 =   D:5 *

Annotations:
D:3 1 transporter, seaoflcl's ghost, amateur HuFi


Message History

The wight is severely damaged.
The wight hits you but does no damage.
You hit the wight but do no damage.
The wight is severely damaged.
The wight hits you but does no damage.
You barely miss the wight.
The wight is severely damaged.
You block the wight's attack.
You hit the wight but do no damage.
The wight is severely damaged.
The wight hits you with a +3 scimitar!
You feel drained.
You hear a shout!
You hit the wight but do no damage.
The wight is heavily damaged.
You hear a shout!
The wight hits you with a +3 scimitar!
You feel drained.
You hit the wight.
The wight is severely damaged.
The wight hits you with a +3 scimitar.
An ogre comes into view. It is wielding a +0 giant spiked club.
The ogre completely misses you.
You closely miss the wight.
The wight is severely damaged.
You hit the ogre.
The ogre is poisoned.
You block the wight's attack. x2
You hit the wight but do no damage.
The wight is severely damaged.
You closely miss the ogre.
The ogre hits you with a +0 giant spiked club!
* * * LOW HITPOINT WARNING * * *
You block the wight's attack.
You hit the wight but do no damage.
The wight is severely damaged.
You barely miss the ogre.
The ogre hits you with a +0 giant spiked club!
* * * LOW HITPOINT WARNING * * *
The wight hits you with a +3 scimitar.
* * * LOW HITPOINT WARNING * * *
You feel drained.
You die...
Your body crumbles into a pile of gold. ## #. #.#O#####.# #...@.(...# ###z####### #. #( #( #> #( #.

You could see an ogre (very poisoned) and a wight.

Vanquished Creatures
  A water moccasin (D:5)
  An ogre (D:4)
  A black bear (D:5)
  2 necrophages
  A phantom (D:5)
  2 scorpions (D:5)
  2 jellies (D:4)
  A bullfrog skeleton (D:4)
  An iguana (D:6)
  Terence (D:2)
  A hound zombie (D:5)
  4 gnolls (D:5)
  3 adders (D:4)
  An ufetubus (D:6)
  An adder skeleton (D:4)
  3 worms
  2 dart slugs
  4 orcs
  5 ball pythons
  4 endoplasms
  A giant cockroach (D:1)
  4 hobgoblins
  A quokka (D:3)
  5 bats
  2 frilled lizards
  10 goblins
  4 kobolds
  4 rats
72 creatures vanquished.

Notes
Turn   | Place    | Note
-------+----------+-------------------------------------------
     0 | D:1      | seaoflcl the Human Fighter began the quest for the Orb.
     0 | D:1      | Reached XP level 1. HP: 18/18 MP: 1/1
   328 | D:1      | Reached XP level 2. HP: 24/24 MP: 2/2
   384 | D:1      | Found a faded altar of an unknown god.
   535 | D:2      | Noticed Terence
   535 | D:2      | Found Moulohiot's General Store.
   546 | D:2      | Killed Terence
   547 | D:2      | Reached XP level 3. HP: 8/29 MP: 3/3
  1053 | D:2      | Reached XP level 4. HP: 32/35 MP: 4/4
  1097 | D:2      | Found an opulent altar of Gozag.
  1118 | D:2      | Became a worshipper of Gozag Ym Sagoz the Greedy
  1601 | D:3      | Reached skill level 1 in Polearms
  2200 | D:3      | Found a transporter.
  2203 | D:3      | Noticed seaoflcl's ghost (amateur HuFi)
  2501 | D:3      | Identified the +4 great mace of the Lusting Fool {vamp,
                  | Fragile rCorr Str+2 Stlth+}
  2501 | D:3      | Noticed an ogre
  2536 | D:4      | Reached skill level 1 in Axes
  2600 | D:4      | Reached XP level 5. HP: 29/42 MP: 5/5
  2722 | D:4      | Found a staircase to the Ecumenical Temple.
  2853 | D:4      | Noticed an ogre
  2866 | D:4      | Killed an ogre
  2867 | D:4      | Reached XP level 6. HP: 32/48 MP: 6/6
  3279 | D:4      | Found Niacuzea's Jewellery Shop.
  3557 | D:5      | Entered Level 5 of the Dungeon
  3588 | D:5      | Noticed a black bear
  3598 | D:5      | Killed a black bear
  3599 | D:5      | Reached skill level 1 in Slings
  3599 | D:5      | Reached XP level 7. HP: 47/54 MP: 7/7
  3902 | D:5      | Noticed a water moccasin
  3917 | D:5      | Killed a water moccasin
  4536 | D:5      | Reached skill level 5 in Axes
  4536 | D:5      | Reached XP level 8. HP: 60/61 MP: 8/8
  4677 | D:5      | Found Gownowum's Elemental Accessories.
  4815 | D:6      | Found a glowing drain.
  4953 | D:6      | Identified the +1 leather armour of Hangman {Dex+2}
  4974 | D:6      | Reached skill level 5 in Armour
  5633 | D:7      | HP: 2/57 [wight/+3 scimitar (5)]
  5633 | D:7      | Slain by a wight

Illustrated notes

Levels and vault maps discovered:
D:1:      dpeg_arrival_tiny_d, layout_basic, basic_ecumenical_altar
D:2:      layout_rooms, serial_shops, shop, minmay_hexomino_r4, uniq_terence
D:3:      layout_basic, gammafunk_ghost_smash
D:4:      layout_loops_ring, minmay_temple_entry_statues_pillars, serial_shops,
          kennysheep_mini, serial_glass, glass_columns_a, glass_columns_b
D:5:      layout_rooms, nicolae_elemental_shop, dk_vineyard_2
D:6:      layout_basic, cheibrodos_sewer_entry_sluice
D:7:      layout_loops_ring, serial_shops, nicolae_shop_advertising_works
          [nicolae_subvault_shop_adworks], grunt_ministairs_1, minivault_4

Skill      XL: |  1  2  3  4  5  6  7  8 |
---------------+-------------------------+-----
Polearms       | 1 |  1.0
Axes           | 1 2 3 5 |  5.9
Armour         | 4 5 |  5.0
Shields        | 4 |  4.1
Fighting       | 4 |  4.5
Slings         | 1 |  1.6
Long Blades    | |  2.0
Dodging        | |  0.7

Action                   |  1- 3 |  4- 6 |  7- 9 || total
-------------------------+-------+-------+-------++-------
Melee: Spear             |    45 |       |       ||    45
       Hand axe          |    10 |    87 |   101 ||   198
 Fire: Hunting sling     |       |     6 |    11 ||    17
  Use: Potion            |     1 |     1 |       ||     2
       Scroll            |       |     3 |     1 ||     4
Armor: Scale mail        |    16 |       |       ||    16
       Chain mail        |     8 |    45 |       ||    53
       Plate armour      |       |    12 |    57 ||    69
Dodge: Dodged            |    12 |    31 |    27 ||    70
Block: Buckler           |     9 |    16 |    26 ||    51
